 Dungeon Crawl Stone Soup version 0.31-a0-1099-g7fa767f3fe (webtiles) character file.

Game seed: 773043402853039861

9995 Gumption the Geomancer (level 11, -6/68 HPs)
             Began as a Gargoyle Earth Elementalist on Dec 1, 2023.
             Was an Elder of Ashenzari.
             Mangled by an orc warrior
             ... wielding a +0 halberd
              (11 damage)
             ... on level 11 of the Dungeon.
             The game lasted 01:48:45 (12301 turns).

Gumption the Geomancer (GrEE)                      Turns: 12301, Time: 01:48:45

Health: -6/68      AC: 23    Str:  8    XL:     11   Next: 55%
Magic:  2/29       EV: 12    Int: 19    God:    Ashenzari [****..]
Gold:   577        SH:  0    Dex: 10    Spells: 9/22 levels left

rFire   . . .        b - staff of conjuration
rCold   . . .        L - orb of the Prophetic Morality {*channel, Melee, Range} (curse)
rNeg    + . .        j - +3 leather armour "I Knew You'd Do That" {Elem, Cun} (curse)
rPois   ∞            D - +0 helmet of the Chained Dismay {rElec rPois Will+ Str-5, Bglg, Cun} (curse)
rElec   +            G - scarf "Cursed Augurer" {shadows, Melee, Fort} (curse)
rCorr   .            d - +0 pair of gloves
SInv    +            r - +2 pair of boots "Monotheism of Ashenzari" {Fort, Bglg} (curse)
Will    +....        (no amulet)
Stlth   ++++         S - ring of Cremastomancy {MP+9, Cun, Range} (curse)
HPRegen 0.31/turn    N - +4 ring of protection
MPRegen 0.21/turn

%: clarity, channel magic (20%)
@: no status effects
A: sickness immunity, AC +8, negative energy resistance 1, electricity
resistance, torment resistance 1, petrification resistance
a: Renounce Religion, Shatter the Chains


You were on level 11 of the Dungeon.
You worshipped Ashenzari.
Ashenzari was greatly pleased with you.
You visited 3 branches of the dungeon, and saw 13 of its levels.
You also visited: Sewer and Bailey.

You collected 757 gold pieces.
You spent 180 gold pieces at shops.

Inventory:

Hand Weapons
 a - a +4 trident of draining
 w - a +0 sling
 O - a +1 war axe of electrocution
 T - the +9 sling "Zetoyh" {freeze, rElec rC+ Int+3}
   (You found it on level 11 of the Dungeon)

   Int+3:     It affects your intelligence (+3).
   rC+:       It protects you from cold.
   rElec:     It insulates you from electricity.
Missiles
 l - 40 boomerangs
 q - 17 poisoned darts
 P - a throwing net
 R - 5 curare-tipped darts
Armour
 d - a +0 pair of gloves (worn)
 j - the cursed +3 leather armour "I Knew You'd Do That" (worn) {Elem, Cun}
   (You found it on level 1 of the Dungeon)

   It has a curse which improves the following skills: Elements: Fire Magic, Ice
   Magic, Air Magic and Earth Magic.
   Cunning:   Dodging and Stealth.
 r - the cursed +2 pair of boots "Monotheism of Ashenzari" (worn) {Fort, Bglg}
   (You found it on level 3 of the Dungeon)

   It has a curse which improves the following skills: Fortitude: Armour and
   Shields.
   Beguiling: Conjurations, Hexes and Translocations.
 D - the cursed +0 helmet of the Chained Dismay (worn) {rElec rPois Will+ Str-5, Bglg, Cun}
   (You bought it in a shop on level 5 of the Dungeon)

   Str-5:     It affects your strength (-5).
   rElec:     It insulates you from electricity.
   rPois:     It protects you from poison Will+: It increases your willpower.
   It has a curse which improves the following skills: Beguiling: Conjurations,
   Hexes and Translocations.
   Cunning:   Dodging and Stealth.
 G - the cursed scarf "Cursed Augurer" (worn) {shadows, Melee, Fort}
   (You found it on level 7 of the Dungeon)

   It has a curse which improves the following skills: Melee Combat: Short
   Blades, Long Blades, Axes, Maces & Flails, Polearms, Staves and Unarmed
   Combat.
   Fortitude: Armour and Shields.
 L - the cursed orb of the Prophetic Morality (worn) {*channel, Melee, Range}
   (You took it off Jeremiah on level 7 of the Dungeon)

   It has a curse which improves the following skills: Melee Combat: Short
   Blades, Long Blades, Axes, Maces & Flails, Polearms, Staves and Unarmed
   Combat.
   Ranged Combat: Ranged Weapons and Throwing.
Magical Staves
 b - a staff of conjuration (weapon)
Jewellery
 M - a ring of protection from fire
 N - a +4 ring of protection (right hand)
 S - the cursed ring of Cremastomancy (left hand) {MP+9, Cun, Range}
   (You found it on level 10 of the Dungeon)

   [ring of magical power]

   MP+9:      It affects your magic capacity (+9).
   It has a curse which improves the following skills: Cunning: Dodging and
   Stealth.
   Ranged Combat: Ranged Weapons and Throwing.
Wands
 e - a wand of quicksilver (14)
 s - a wand of mindburst (4)
 J - a wand of polymorph (5)
 K - a wand of charming (5)
 Q - a wand of flame (7)
Scrolls
 c - 2 scrolls of enchant weapon
 i - 2 scrolls of enchant armour
 n - a scroll of brand weapon
 p - a scroll of fear
 u - 3 scrolls of butterflies
 y - 5 scrolls of teleportation
 A - 2 scrolls of revelation
 B - a scroll of vulnerability
 C - a scroll of acquirement
 E - 2 scrolls of fog
 F - a scroll of immolation
 I - a scroll of blinking
Potions
 f - a potion of enlightenment
 g - 4 potions of resistance
 h - 3 potions of magic
 k - 5 potions of heal wounds
 m - 4 potions of brilliance
 o - 2 potions of might
 t - 2 potions of curing
 v - 3 potions of invisibility
 x - a potion of ambrosia
 z - 2 potions of haste
 H - a potion of mutation


   Skills:
 + Level 7.9 Fighting
 - Level 1.5(3.9) Dodging
 + Level 7.9(11.5) Stealth
 - Level 6.2 Spellcasting
 * Level 9.4(12.1) Conjurations
 - Level 0.7 Transmutations
 * Level 12.5(14.2) Earth Magic
 + Level 2.6 Poison Magic


You had 9 spell levels left.
You knew the following spells:

 Your Spells              Type           Power      Damage    Failure   Level
a - Sandblast             Erth           100%       2d20      1%          1
b - Stone Arrow           Conj/Erth      100%       3d13      2%          3
c - Passwall              Tmut/Erth      28%        N/A       5%          2
d - Petrify               Tmut/Erth      34%        N/A       19%         4
e - Mephitic Cloud        Conj/Pois/Air  37%        N/A       17%         3

Your spell library contained the following spells:

 Spells                   Type           Power      Damage    Failure   Level
 Brom's Barrelling Bould  Conj/Erth      71%        2d8       4%          4
 Poisonous Vapours        Pois/Air       22%        N/A       30%         2
 Slow                     Hex            28%        N/A       32%         1
 Wereblood                Tmut           8%         N/A       36%         2
 Irradiate                Conj/Tmut      22%        3d19      52%         5
 Confusing Touch          Hex            7%         N/A       61%         3
 Sigil of Binding         Hex            7%         N/A       61%         3
 Vampiric Draining        Necr           5%         2d6       65%         3
 Freezing Cloud           Conj/Ice/Air   16%        6-21      78%         5
 Summon Forest            Summ/Tloc      3%         N/A       99%         5
 Summon Mana Viper        Hex/Summ       6%         N/A       99%         5
 Summon Cactus Giant      Summ           2%         N/A       100%        6


Dungeon Overview and Level Annotations

Branches:
Dungeon (11/15)            Temple (1/1) D:5            Lair (0/5) D:9
    Orc (1/2) D:10          Sewer (visited)          Bailey (visited)

Altars:
Ashenzari
Cheibriados
Dithmenos
Elyvilon
Fedhas
Gozag
Hepliaklqana
Kikubaaqudgha
Makhleb
Nemelex Xobeh
Okawaru
Qazlal
Ru
Sif Muna
Trog
Uskayaw
Vehumet
Wu Jian
Xom
Yredelemnul
Zin
The Shining One

Shops:
D:1 (   D:5 [

Annotations:
D:3 Grinder
D:9 3 runed translucent doors, exclusions: death yak and 1 more exclusion, Bokiboji's ghost, journeyman TrFi
D:10 3 runed translucent doors, pzskc383's ghost, journeyman GrFi


Innate Abilities, Weirdness & Mutations

You are immune to sickness and miasma.
Your stone body is resilient. (AC +8)
You are immune to poison.
You resist negative energy. (rN+)
You are resistant to electric shocks. (rElec)
You are resistant to unholy torment.
You are immune to petrification.


Message History

You kill the ogre!
The orc warrior hits you from afar with a +0 halberd.
* * * LOW HITPOINT WARNING * * *
You hit the orc.
The orc is lightly wounded.
The orc hits you but does no damage.
The orc warrior hits you but does no damage.
The orc warrior curses loudly, in orcish tradition.
There is an open door here.
Casting: Stone Arrow (dangerous; 2% risk of failure)
Confirm with . or Enter, or press ? or * to list all spells.
Aiming: Stone Arrow (dangerous; 2% risk of failure)
Press: ? - help, Shift-Dir - straight line, f - orc warrior
Aim: an orc warrior, wielding a +0 battleaxe and wearing a +0 chain mail (75% to hit)
You feel a surge of power!
The stone arrow hits the orc warrior!!
You kill the orc warrior!
Casting: Stone Arrow (dangerous; 2% risk of failure)
Confirm with . or Enter, or press ? or * to list all spells.
Aiming: Stone Arrow (dangerous; 2% risk of failure)
Press: ? - help, Shift-Dir - straight line, f - orc warrior
Aim: an orc warrior, wielding a +0 halberd and wearing a +0 plate armour (78% to hit)
You feel a surge of power!
The stone arrow hits the orc warrior!
The orc warrior is heavily wounded.
Casting: Stone Arrow (dangerous; 2% risk of failure)
Confirm with . or Enter, or press ? or * to list all spells.
Aiming: Stone Arrow (dangerous; 2% risk of failure)
Press: ? - help, Shift-Dir - straight line, f/p - orc warrior
Aim: an orc warrior, wielding a +0 halberd and wearing a +0 plate armour (heavily wounded, 78% to hit)
You feel a surge of power!
The stone arrow misses the orc warrior.
The orc warrior hits you from afar with a +0 halberd!
* * * LOW HITPOINT WARNING * * *
Casting: Stone Arrow (dangerous; 2% risk of failure)
Confirm with . or Enter, or press ? or * to list all spells.
Aiming: Stone Arrow (dangerous; 2% risk of failure)
Press: ? - help, Shift-Dir - straight line, f/p - orc warrior
Aim: an orc warrior, wielding a +0 halberd and wearing a +0 plate armour (heavily wounded, 78% to hit)
You feel a surge of power!
The stone arrow hits the orc warrior!
The orc warrior is almost dead.
The orc warrior hits you from afar with a +0 halberd!
You die...

........* #...o.......,,
........* #...{.......,,
........* #...{.......,,
.<.....<* #..........,,,
###+####* ##o########***
*** #o## ,,*** #oo#
*,,,* ##.# #######***,**
##@####### ........,,,,*
#........# .........,,,*
#........# ............#
#........# ............#
#........# ............#
#........#
............###........#
......^.....#.'(.......#
............#.#........#


You could see 2 orc warriors and 2 orcs.

Vanquished Creatures
  An orc warlord (Bailey)
  A two-headed ogre (D:10)
  A boulder beetle (D:11)
  Sonja (D:10)
  Pikel (D:7)
  An orc knight (Bailey)
  A cyclops (D:11)
  Jeremiah (D:7)
  3 trolls
  A wraith (D:10)
  11 yaks
  A steam dragon (D:9)
  Menkaure (D:5)
  9 orc warriors
  2 black bears
  A sky beast (D:5)
  2 ogres
  A centaur (D:11)
  2 lemures (D:7)
  A kobold brigand (D:8)
  5 bullfrogs
  2 scorpions (D:6)
  4 howler monkeys
  6 hounds
  A jelly (D:6)
  3 orc priests
  Crazy Yiuf (D:7)
  2 sleepcaps (D:4)
  7 iguanas
  17 orc wizards
  Ijyb (D:3)
  A statue (D:10)
  11 adders
  A river rat (Sewer)
  A white imp (D:7)
  2 ufetubi (D:5)
  2 dart slugs
  47 orcs
  16 ball pythons
  5 bats
  15 endoplasms
  A giant cockroach (D:4)
  12 hobgoblins
  5 quokkas
  6 frilled lizards
  12 goblins
  22 kobolds
  29 rats
280 creatures vanquished.

Notes
Turn   | Place    | Note
-------+----------+-------------------------------------------
     0 | D:1      | Gumption the Gargoyle Earth Elementalist began the quest
                  | for the Orb.
     0 | D:1      | Reached XP level 1. HP: 10/10 MP: 3/3
   294 | D:1      | Reached skill level 4 in Earth Magic
   294 | D:1      | Reached XP level 2. HP: 16/16 MP: 3/5
   456 | D:1      | Reached skill level 1 in Fighting
   651 | D:1      | Found Axzez Womp's Antique Weapon Boutique.
   691 | D:1      | Reached XP level 3. HP: 20/20 MP: 4/6
   942 | D:1      | Learned a level 3 spell: Stone Arrow
   945 | D:1      | Learned a level 2 spell: Passwall
  2110 | D:3      | Reached skill level 5 in Earth Magic
  2110 | D:3      | Reached XP level 4. HP: 26/26 MP: 3/8
  2130 | D:3      | Reached XP level 5. HP: 28/31 MP: 0/9
  2426 | D:3      | Noticed Ijyb
  2625 | D:3      | Killed Ijyb
  2882 | D:3      | Noticed Grinder
  2918 | D:3      | Reached skill level 6 in Earth Magic
  3420 | D:4      | Reached XP level 6. HP: 36/36 MP: 4/10
  3646 | D:4      | Found an ancient bone altar of Kikubaaqudgha.
  3659 | D:4      | Found a shadowy altar of Dithmenos.
  4517 | D:4      | Noticed a black bear
  4520 | D:4      | Killed a black bear
  4521 | D:4      | Reached skill level 7 in Earth Magic
  4521 | D:4      | Reached XP level 7. HP: 42/42 MP: 5/12
  4657 | D:5      | Entered Level 5 of the Dungeon
  4683 | D:5      | Found a glowing drain.
  4695 | Sewer    | Entered a sewer
  5108 | Sewer    | Reached skill level 1 in Conjurations
  5498 | D:5      | Found Tutuemu's Antique Armour Emporium.
  5576 | D:5      | Found a staircase to the Ecumenical Temple.
  5610 | Temple   | Entered the Ecumenical Temple
  5647 | Temple   | Became a worshipper of Ashenzari the Shackled
  5860 | D:5      | Reached XP level 8. HP: 38/48 MP: 11/14
  5944 | D:5      | Bought a distressingly furry helmet for 180 gold pieces
  5944 | D:5      | Identified the +0 helmet of the Burning God {rElec rPois
                  | Will+ Str-5} (You bought it in a shop on level 5 of the
                  | Dungeon)
  5971 | D:5      | Found a blossoming altar of Fedhas.
  6057 | D:5      | Found a shimmering altar of Xom.
  6173 | D:5      | Noticed Menkaure
  6178 | D:5      | Killed Menkaure
  6179 | D:5      | Reached skill level 8 in Earth Magic
  6845 | D:6      | Reached * piety under Ashenzari
  6895 | D:6      | Reached skill level 5 in Fighting
  6998 | D:6      | Found an ornate altar of the Wu Jian Council.
  6998 | D:6      | Found an opulent altar of Gozag.
  7056 | D:6      | Reached skill level 9 in Earth Magic
  7056 | D:6      | Reached XP level 9. HP: 54/54 MP: 13/16
  7547 | D:7      | Reached skill level 5 in Conjurations
  7596 | D:7      | Reached ** piety under Ashenzari
  7610 | D:7      | Found a hazy altar of Hepliaklqana.
  7658 | D:7      | Found a runed translucent door.
  7659 | D:7      | Noticed Crazy Yiuf
  7664 | D:7      | Killed Crazy Yiuf
  7688 | D:7      | Identified the cursed scarf "Cursed Augurer" {shadows,
                  | Melee, Fort} (You found it on level 7 of the Dungeon)
  7688 | D:7      | Identified the cursed +3 leather armour "I Knew You'd Do
                  | That" {Elem, Cun} (You found it on level 1 of the Dungeon)
  7719 | D:7      | Noticed Jeremiah
  7835 | D:7      | Noticed Pikel
  7968 | D:7      | Killed Pikel
  7969 | D:7      | Reached skill level 5 in Stealth
  7969 | D:7      | Reached skill level 5 in Spellcasting
  8104 | D:7      | Killed Jeremiah
  8390 | D:7      | Learned a level 4 spell: Petrify
  8563 | D:8      | Found a sparkling altar of Nemelex Xobeh.
  8563 | D:8      | Noticed a tengu warrior
  8563 | D:8      | Identified the staff "Beastbane" {rPois rF- rC+++ Str+2
                  | Int+3 Poison}
  8686 | D:8      | Reached skill level 10 in Earth Magic
  9147 | D:9      | Found a flagged portal.
  9171 | Bailey   | Entered a bailey
  9201 | Bailey   | Noticed an orc warlord
  9201 | Bailey   | Identified a scroll of acquirement
  9284 | Bailey   | Noticed an orc knight
  9295 | Bailey   | Killed an orc knight
  9296 | Bailey   | Reached XP level 10. HP: 51/60 MP: 5/18
  9442 | Bailey   | Found a runed translucent gate.
  9462 | Bailey   | Found a runed translucent gate.
  9462 | Bailey   | Found a runed translucent gate.
  9642 | Bailey   | Killed an orc warlord
  9728 | D:9      | Noticed a death yak
  9746 | D:9      | Found a runed translucent gate.
  9746 | D:9      | Found a runed translucent gate.
  9747 | D:9      | Noticed Bokiboji's ghost (journeyman TrFi)
  9924 | D:9      | Reached skill level 11 in Earth Magic
 10147 | D:9      | Found a runed translucent gate.
 10444 | D:9      | Reached *** piety under Ashenzari
 10788 | D:9      | Learned a level 3 spell: Mephitic Cloud
 10793 | D:10     | Entered Level 10 of the Dungeon
 10814 | D:10     | Found a staircase to the Orcish Mines.
 10822 | D:10     | Found a runed translucent gate.
 10822 | D:10     | Found a runed translucent gate.
 10824 | D:10     | Found a runed translucent gate.
 10825 | D:10     | Noticed a spectral centaur warrior
 10825 | D:10     | Identified the +0 leather armour of the Ditch-Digger
                  | {rPois}
 10891 | D:10     | Noticed a spectral centaur warrior
 10891 | D:10     | Noticed pzskc383's ghost (journeyman GrFi)
 10898 | D:10     | Noticed a two-headed ogre
 10902 | D:10     | Killed a two-headed ogre
 10903 | D:10     | Reached skill level 1 in Poison Magic
 10903 | D:10     | Reached XP level 11. HP: 67/67 MP: 13/20
 10920 | D:10     | Found a radiant altar of Vehumet.
 11117 | D:10     | Reached skill level 12 in Earth Magic
 11163 | D:10     | Found a bloodstained altar of Trog.
 11163 | D:10     | Noticed Sonja
 11167 | D:10     | Killed Sonja
 11209 | D:10     | Found an iron altar of Okawaru.
 11578 | D:10     | Found a shimmering blue altar of Sif Muna.
 11578 | D:10     | Found a hide-covered altar of Uskayaw.
 11707 | Orc:1    | Entered Level 1 of the Orcish Mines
 11901 | D:11     | Noticed a boulder beetle
 11910 | D:11     | Killed a boulder beetle
 12144 | D:11     | Identified the +9 sling "Zetoyh" {freeze, rElec rC+ Int+3}
 12195 | D:11     | Noticed a cyclops
 12198 | D:11     | Killed a cyclops
 12201 | D:11     | Reached **** piety under Ashenzari
 12301 | D:11     | Mangled by an orc warrior

Illustrated notes

Levels and vault maps discovered:
D:1:      tarquinn_simple_flora_water_b, layout_loops_ring, serial_shops, shop,
          hex_large
D:2:      layout_loops_ring, grunt_ministairs_7
D:3:      layout_basic, serial_bayou, serial_bayou_shore_a,
          serial_bayou_shore_b, serial_bayou_shore_b, serial_bayou_pond_c,
          wad_orctagon, uniq_grinder, uniq_ijyb
D:4:      layout_basic, mainiacjoe_overflow_big_doors, kennysheep_generic_room_3
D:5:      layout_gridville, amcnicky_altar_gilded, kennysheep_little_box,
          temple_pool_b, cheibrodos_sewer_entry_sluice, serial_shops, shop,
          uniq_menkaure
D:6:      layout_loops_ring, jmf_multi_god_temple
D:7:      layout_rooms, lemuel_doored_altar, serial_park_tiny_1, uniq_jeremiah,
          uniq_crazy_yiuf_cottage, uniq_pikel
D:8:      layout_cave_pools, grunt_nemelex_the_gamble
D:9:      layout_roguey, dpeg_lair_monsters, gammafunk_ghost_split,
          enter_bailey_4
D:10:     layout_loops_cross, mainiacjoe_overflow_alcove_4, vehumet_statue,
          okawaru_metal_pillars_1_2, gammafunk_temple_overflow_wave,
          gammafunk_ghost_necromancy, uniq_sonja
D:11:     layout_roguey [special_room_orc], uniq_nergalle
Temple:   kb_temple_of_zot
Orc:1:    layout_diamond_mine, nicolae_orc_lava_room

Skill      XL: |  1  2  3  4  5  6  7  8  9 10 11 |
---------------+----------------------------------+-----
Earth Magic    | 4 5 6 7 9 10 11 12 | 12.5
Fighting       | 1 2 3 4 5 6 7 |  7.9
Spellcasting   | 3 4 5 6 |  6.2
Conjurations   | 2 4 6 8 9 |  9.4
Stealth        | 3 4 5 7 |  7.9
Poison Magic   | 1 2 |  2.6
Dodging        | |  1.5
Transmutations | |  0.7

Action                     |  1- 3 |  4- 6 |  7- 9 | 10-12 || total
---------------------------+-------+-------+-------+-------++-------
  Melee: Dagger            |       |    51 |     3 |       ||    54
         Spear             |       |       |    46 |       ||    46
         Trident           |       |       |    14 |     9 ||    23
         Staff             |       |       |       |     8 ||     8
   Fire: Sling             |    14 |       |       |       ||    14
   Cast: Sandblast         |    52 |    93 |   185 |    98 ||   428
         Stone Arrow       |       |     2 |    17 |    44 ||    63
         Passwall          |       |       |     1 |       ||     1
 Invoke: Curse Item        |       |       |     4 |     2 ||     6
    Use: Scroll            |     1 |       |     8 |     4 ||    13
   Stab: Sleeping          |       |       |       |     1 ||     1
 Armour: Leather armour    |     5 |    75 |   135 |   112 ||   327
  Dodge: Dodged            |     7 |    55 |    94 |    69 ||   225

Table legend: (Time is in decaauts)
 A = Elapsed time spent in this place.
 B = Non-inter-level travel time spent in this place.
 C = Inter-level travel time spent in this place.
 D = Time resting spent in this place.
 E = Time spent auto-exploring this place.
 F = Levels seen in this place.
 G = Mean time per level.
                   A        B        C        D        E       F      G
               +--------+--------+--------+--------+--------+-----+--------+
         Total |  12598 |  12461 |    137 |   3031 |   3538 |  15 |  839.9 |
       Dungeon |  11172 |  11035 |    137 |   2562 |   3407 |  11 | 1015.6 |
        Temple |     73 |     73 |      0 |      0 |      0 |   1 |   73.0 |
  Orcish Mines |     39 |     39 |      0 |      0 |      0 |   1 |   39.0 |
         Sewer |    755 |    755 |      0 |    354 |     64 |   1 |  755.0 |
        Bailey |    557 |    557 |      0 |    115 |     67 |   1 |  557.0 |
               +--------+--------+--------+--------+--------+-----+--------+

Top non-repeatable levels by time:
     D:3: 1537 daAuts
     D:4: 1267 daAuts
     D:5: 1212 daAuts
     D:1: 1193 daAuts
     D:9: 1169 daAuts
    D:10: 1083 daAuts
     D:7: 951 daAuts
     D:6: 883 daAuts
   Sewer: 755 daAuts
     D:2: 746 daAuts
     D:8: 714 daAuts
  Bailey: 557 daAuts
    D:11: 411 daAuts
  Temple: 73 daAuts
   Orc:1: 39 daAuts
